 Dungeon Crawl Stone Soup version 0.30-a0-339-g89bb51ec76 (webtiles) character file.

Game seed: 17006219074118021828

1048 pokeman the Thaumaturge (level 8, 0/44 HPs)
             Began as a Deep Elf Hedge Wizard on Oct 31, 2022.
             Slain by a killer bee (5 damage)
             ... on level 6 of the Dungeon.
             The game lasted 00:10:55 (6882 turns).

pokeman the Thaumaturge (Deep Elf Hedge Wizard)     Turns: 6882, Time: 00:10:55

Health: 0/44       AC:  5    Str:  7    XL:     8   Next: 5%
Magic:  1/23       EV: 12    Int: 22    God:
Gold:   223        SH:  0    Dex: 14    Spells: 17/25 levels left

rFire   . . .      SeeInvis +    A - +0 halberd (freeze)
rCold   . . .      Faith    .    (shield currently unavailable)
rNeg    + . .      Spirit   .    r - +0 leather armour
rPois   .          Reflect  .    c - +0 hat
rElec   .          Harm     .    u - +1 cloak
rCorr   .          Rampage  .    (no gloves)
Will    .....                    (no boots)
Stlth   ++........               (no amulet)
HPRegen 0.27/turn                f - ring of positive energy
MPRegen 0.18/turn                t - ring of see invisible

@: on blink cooldown
A: no striking features
a: no special abilities


You were on level 6 of the Dungeon.
You visited 2 branches of the dungeon, and saw 7 of its levels.

You collected 234 gold pieces.
You spent 11 gold pieces at shops.

Inventory:

Hand Weapons
 A - a +0 halberd of freezing (weapon)
Missiles
 w - a throwing net
Armour
 a - a +0 scale mail of poison resistance
 c - a +0 hat (worn)
 r - a +0 leather armour (worn)
 u - a +1 cloak (worn)
Jewellery
 b - an amulet of guardian spirit
 f - a ring of positive energy (left hand)
 t - a ring of see invisible (right hand)
Wands
 s - a wand of polymorph (13)
 v - a wand of mindburst (15)
Scrolls
 e - 5 scrolls of teleportation {unknown}
 g - a scroll of vulnerability {unknown}
 i - 3 scrolls of amnesia {unknown}
 k - a scroll of enchant weapon {unknown}
 l - 4 scrolls of identify {unknown}
 o - 2 scrolls of magic mapping {unknown}
 p - a scroll of poison {unknown}
 q - a scroll of blinking {unknown}
 y - a scroll of butterflies {unknown}
Potions
 d - a potion of magic
 h - a potion of invisibility {unknown}
 j - 3 potions of brilliance {unknown}
 n - a potion of ambrosia {unknown}
 x - a potion of might {unknown}
 z - a potion of heal wounds {unknown}


   Skills:
 - Level 2.0 Fighting
 + Level 1.3 Armour
 - Level 4.0 Dodging
 - Level 4.0 Stealth
 * Level 9.2 Spellcasting
 + Level 4.7 Conjurations
 - Level 1.1 Summonings
 - Level 1.1 Translocations
 - Level 1.0 Air Magic
 - Level 1.1 Poison Magic
 - Level 1.0 Evocations


You had 17 spell levels left.
You knew the following spells:

 Your Spells              Type           Power      Damage    Failure   Level
a - Magic Dart            Conj           100%       1d8       1%          1
b - Mephitic Cloud        Conj/Pois/Air  20%        N/A       11%         3
c - Call Imp              Summ           15%        N/A       9%          2
d - Blink                 Tloc           30%        N/A       9%          2

Your spell library contained the following spells:

 Spells                   Type           Power      Damage    Failure   Level
 Slow                     Hex            40%        N/A       10%         1
 Cigotuvi's Dreadful Rot  Necr/Pois/Air  26%        N/A       11%         2


Dungeon Overview and Level Annotations

Branches:
Dungeon (6/15)             Temple (1/1) D:5

Altars:
Cheibriados
Dithmenos
Elyvilon
Kikubaaqudgha
Makhleb
Nemelex Xobeh
Okawaru
Qazlal
Sif Muna
Trog
Uskayaw
Wu Jian
Xom
Yredelemnul
Zin

Shops:
D:2 !


Message History

* * * LOW HITPOINT WARNING * * *
Unknown command.
Unknown command.
Unknown command.
The killer bee stings the phantom but does no damage.
The phantom attacks as you move away!
The phantom hits you but does no damage.
Unknown command.
The phantom barely misses you.
The killer bee barely misses the phantom.
The killer bee stings itself!
The killer bee is killed!
Casting: Blink (safe; 9% risk of failure)
Confirm with . or Enter, or press ? or * to list all spells.
You blink.
Reach: A) +0 halberd (freeze)
Press: ? - help, Dir - move target, f - killer bee, p - killer bee
Aim: a killer bee (confused, about 46% to evade your +0 halberd of freezing)
You reach to attack!
You hit the killer bee. You freeze the killer bee.
The killer bee is moderately wounded.
The killer bee barely misses you.
The killer bee closely misses itself.
The phantom misses you.
Reach: A) +0 halberd (freeze)
Press: ? - help, Dir - move target, f/p - killer bee
Aim: a killer bee (moderately wounded, confused, about 46% to evade your +0 halberd of freezing)
You hit the killer bee. You freeze the killer bee.
The killer bee is severely wounded.
The killer bee seems less confused.
The killer bee barely misses you.
The killer bee barely misses itself.
The phantom hits you but does no damage.
The killer bee completely misses you.
Reach: A) +0 halberd (freeze)
Press: ? - help, Dir - move target, f - phantom, p - killer bee
Aim: a phantom (almost destroyed, about 65% to evade your +0 halberd of freezing)
You hit the phantom.
You destroy the phantom!
The killer bee stings you.
* * * LOW HITPOINT WARNING * * *
The killer bee stings you.
You die...

........<).)..........
...y....................
........................
.....[..................
........................
.........)..............
............†...........
.............y..........
.>......).......@......#
...............y........
..........(............#
......................##
......................#
....................##
....................#
.....?...........#
..>.?..........


You could see 2 killer bees.

Vanquished Creatures
  Grinder (D:3)
  A black bear (D:5)
  An ice beast (D:3)
  A phantom (D:6)
  A kobold brigand (D:5)
  3 scorpions
  2 killer bees (D:6)
  A gnoll bouda (D:5)
  A hound (D:5)
  Terence (D:3)
  13 gnolls
  4 adders
  2 white imps (D:5)
  3 worms (D:4)
  3 dart slugs
  An orc (D:3)
  6 endoplasms
  3 giant cockroaches
  8 goblins
  10 hobgoblins
  4 jackals (D:3)
  7 kobolds
  2 quokkas
  5 ball pythons
  2 bats (D:3)
  A frilled lizard (D:2)
  6 rats
93 creatures vanquished.

Vanquished Creatures (others)
  A wizard (D:5)
1 creature vanquished.

Grand Total: 94 creatures vanquished

Notes
Turn   | Place    | Note
-------+----------+-------------------------------------------
     0 | D:1      | pokeman the Deep Elf Hedge Wizard began the quest for the
                  | Orb.
     0 | D:1      | Reached XP level 1. HP: 10/10 MP: 7/7
   329 | D:1      | Reached XP level 2. HP: 16/16 MP: 4/9
  1049 | D:1      | Reached skill level 5 in Spellcasting
  1497 | D:2      | Found Calemex's Distillery.
  1505 | D:2      | Bought a potion of degeneration for 11 gold pieces
  1632 | D:2      | Reached XP level 3. HP: 20/20 MP: 7/11
  1636 | D:2      | Learned a level 3 spell: Mephitic Cloud
  1639 | D:2      | Learned a level 2 spell: Call Imp
  1642 | D:2      | Learned a level 2 spell: Blink
  2047 | D:2      | Reached skill level 1 in Fighting
  2272 | D:3      | Noticed Grinder
  2343 | D:3      | Reached skill level 1 in Armour
  2947 | D:3      | Reached XP level 4. HP: 25/25 MP: 3/13
  2983 | D:3      | Noticed Terence
  2995 | D:3      | Killed Terence
  3244 | D:3      | Paralysed by Grinder for 2 turns
  3254 | D:3      | Paralysed by Grinder for 5 turns
  3259 | D:3      | Killed Grinder
  3260 | D:3      | Reached skill level 6 in Spellcasting
  3260 | D:3      | Reached XP level 5. HP: 11/29 MP: 0/16
  3260 | D:3      | Reached XP level 6. HP: 13/34 MP: 0/17
  3441 | D:3      | Noticed an ice beast
  3755 | D:3      | HP: 1/34 [ice beast (9)]
  3922 | D:3      | Killed an ice beast
  3923 | D:3      | Reached skill level 7 in Spellcasting
  4898 | D:4      | Found a snail-covered altar of Cheibriados.
  5008 | D:4      | Reached skill level 1 in Evocations
  5296 | D:4      | Reached skill level 1 in Air Magic
  5296 | D:4      | Reached XP level 7. HP: 35/38 MP: 15/20
  5463 | D:5      | Entered Level 5 of the Dungeon
  5560 | D:5      | Found an ornate altar of the Wu Jian Council.
  5687 | D:5      | Reached skill level 8 in Spellcasting
  5687 | D:5      | Reached skill level 1 in Poison Magic
  5840 | D:5      | Found a staircase to the Ecumenical Temple.
  5849 | Temple   | Entered the Ecumenical Temple
  6632 | D:5      | Found a bloodstained altar of Trog.
  6636 | D:5      | Noticed a wizard
  6641 | D:5      | Killed a wizard
  6724 | D:5      | Reached skill level 9 in Spellcasting
  6872 | D:6      | Reached XP level 8. HP: 6/44 MP: 0/23
  6882 | D:6      | Slain by a killer bee

Illustrated notes

Levels and vault maps discovered:
D:1:      dpeg_arrival_erosion, layout_basic, kennysheep_flooded_box,
          patterned_corridor
D:2:      layout_basic, serial_shops, nicolae_square_shop
D:3:      layout_basic, uniq_grinder, uniq_terence
D:4:      layout_cave_pods, slow_altar_2, serial_co_window_serial,
          co_window_paths_b, co_window_corner_a, co_window_corner_a,
          co_window_of_opportunity_a, co_window_corner_a, co_window_corner_a,
          co_window_corner_a, co_window_corner_b, co_window_corner_ca,
          co_window_unsneaky_path_d, glass_columns_a, glass_columns_a
D:5:      layout_basic, mainiacjoe_overflow_tiny_flanked, trog_wizard,
          minmay_temple_entry_grid
D:6:      layout_layer_cave, jmf_multi_god_temple, guppyfry_shop_venom
Temple:   minmay_temple_forest_path

Skill      XL: |  1  2  3  4  5  6  7 |
---------------+----------------------+-----
Spellcasting   | 5 6 7 9 |  9.2
Fighting       | 1 2 |  2.0
Armour         | 1 |  1.3
Conjurations   | 2 3 4 |  4.7
Dodging        | 3 4 |  4.0
Stealth        | 3 4 |  4.0
Evocations     | 1 |  1.0
Air Magic      | 1 |  1.0
Poison Magic   | 1 |  1.1
Summonings     | |  1.1
Translocations | |  1.1

Action                   |  1- 3 |  4- 6 |  7- 9 || total
-------------------------+-------+-------+-------++-------
Melee: Whip              |     6 |    42 |    43 ||    91
       Punch             |       |     1 |       ||     1
       Halberd           |       |       |    13 ||    13
 Cast: Magic Dart        |   126 |    93 |    64 ||   283
       Call Imp          |     1 |     4 |       ||     5
       Mephitic Cloud    |       |     6 |    10 ||    16
       Blink             |       |     4 |     4 ||     8
Evoke: Wand              |       |       |     1 ||     1
 Stab: Sleeping          |     1 |       |       ||     1
       Confused          |       |     5 |    10 ||    15
Armor: Robe              |     2 |       |       ||     2
       Leather armour    |     6 |    13 |    13 ||    32
Dodge: Dodged            |    18 |    21 |    40 ||    79

Table legend: (Time is in decaauts)
 A = Elapsed time spent in this place.
 B = Non-inter-level travel time spent in this place.
 C = Inter-level travel time spent in this place.
 D = Time resting spent in this place.
 E = Time spent auto-exploring this place.
 F = Levels seen in this place.
 G = Mean time per level.
                   A        B        C        D        E       F      G
               +--------+--------+--------+--------+--------+-----+--------+
         Total |   6895 |   6674 |    221 |     92 |   5672 |   7 |  985.0 |
       Dungeon |   6500 |   6321 |    179 |     92 |   5331 |   6 | 1083.3 |
        Temple |    395 |    353 |     42 |      0 |    341 |   1 |  395.0 |
               +--------+--------+--------+--------+--------+-----+--------+

Top non-repeatable levels by time:
     D:3: 1750 daAuts
     D:1: 1319 daAuts
     D:4: 1306 daAuts
     D:2: 1090 daAuts
     D:5: 941 daAuts
  Temple: 395 daAuts
     D:6: 92 daAuts
